 Dungeon Crawl Stone Soup version 0.28.0-53-g5a82cb258f (webtiles) character file.

Game seed: 9856930718089414310

653 Revguard the Chiller (level 7, -5/67 HPs)
             Began as an Ogre Ice Elementalist on June 17, 2022.
             Slain by Prince Ribbit (8 damage)
             ... on level 5 of the Dungeon.
             The game lasted 00:12:59 (4753 turns).

Revguard the Chiller (Ogre Ice Elementalist)        Turns: 4753, Time: 00:13:00

Health: -5/67      AC:  9    Str: 13    XL:     7   Next: 54%
Magic:  1/13       EV: 10    Int: 16    God:
Gold:   204        SH:  0    Dex: 11    Spells: 3/14 levels left

rFire   . . .      SeeInvis .   j - +0 halberd
rCold   . . .      Faith    .   (shield currently unavailable)
rNeg    . . .      Spirit   .   a - +0 robe
rPois   .          Reflect  .   (helmet restricted)
rElec   .          Harm     .   (no cloak)
rCorr   .          Rampage  .   (gloves unavailable)
Will    .....                   (boots unavailable)
Stlth   ++........              (no amulet)
HPRegen 0.21/turn               (no ring)
MPRegen 0.13/turn               (no ring)

@: ice-armoured, about to teleport
A: large, unfitting armour, tough skin 1
a: no special abilities


You were on level 5 of the Dungeon.
You visited 1 branch of the dungeon, and saw 5 of its levels.

You collected 204 gold pieces.

Inventory:

Hand Weapons
 b - a +0 spear
 e - a +1 club
 j - a +0 halberd (weapon)
Armour
 a - a +0 robe (worn)
Wands
 f - a wand of flame (42)
Scrolls
 d - 2 scrolls of enchant weapon
 h - a scroll of vulnerability
 k - a scroll of enchant armour
 l - a scroll of fog
Potions
 g - 2 potions of degeneration


   Skills:
 + Level 3.6 Fighting
 + Level 2.4 Staves
 + Level 2.0 Armour
 + Level 3.2 Dodging
 - Level 1.4 Stealth
 + Level 4.0 Spellcasting
 + Level 1.2 Conjurations
 + Level 2.3 Fire Magic
 + Level 4.5 Ice Magic


You had 3 spell levels left.
You knew the following spells:

 Your Spells              Type           Power      Damage    Failure   Level
a - Freeze                Ice            68%        1d8       2%          1
b - Frozen Ramparts       Ice            34%        1d5       8%          3
c - Ozocubu's Armour      Ice            17%        N/A       8%          3
d - Hailstorm             Conj/Ice       12%        3d5       45%         4

Your spell library contained the following spells:

 Spells                   Type           Power      Damage    Failure   Level
 Dazzling Flash           Conj/Hex       10%        N/A       36%         3
 Tukima's Dance           Hex            3%         N/A       45%         3
 Passage of Golubria      Tloc           3%         N/A       86%         4
 Agony                    Necr           3%         N/A       99%         5
 Silence                  Hex/Air        1%         N/A       99%         5
 Yara's Violent Unravell  Hex/Tmut       1%         3d3       99%         5


Dungeon Overview and Level Annotations

Branches:
Dungeon (5/15)
 Temple: D:4-7

Altars:

Annotations:
D:5 Prince Ribbit


Innate Abilities, Weirdness & Mutations

You are too large for most types of armour.
You have tough skin. (AC +1)


Message History

Unknown command.
You closely miss Edmund.
Edmund is almost dead.
Edmund hits you with a +3 vorpal dire flail.
You puncture Edmund!
You kill Edmund!
Prince Ribbit is no longer moving slowly.
Prince Ribbit hits you!
Your Armour skill increases to level 2!
Your Spellcasting skill increases to level 4!
Aiming: Freeze (safe; 2% risk of failure)
Press: ? - help, Q - select action, (/) - cycle Shift-Dir - straight line, f - Prince Ribbit
Aim: Prince Ribbit (moderately wounded)
You freeze Prince Ribbit.
Prince Ribbit is moderately wounded.
Prince Ribbit hits you but does no damage.
Your magical contamination has completely faded away.
You closely miss Prince Ribbit.
Prince Ribbit is moderately wounded.
Prince Ribbit hits you but does no damage.
Prince Ribbit hits you!
* * * LOW HITPOINT WARNING * * *
You miss Prince Ribbit.
Prince Ribbit is moderately wounded.
Prince Ribbit hits you but does no damage.
Prince Ribbit closely misses you.
Okay, then.
As you read the scroll of teleportation, it crumbles to dust.
You feel strangely unstable. Prince Ribbit hits you.
* * * LOW HITPOINT WARNING * * *
You puncture Prince Ribbit!
Prince Ribbit is heavily wounded.
Prince Ribbit misses you. Prince Ribbit hits you!
* * * LOW HITPOINT WARNING * * *
Your icy armour will break if you move.
Continue?
Okay, then.
Prince Ribbit hits you.
* * * LOW HITPOINT WARNING * * *
Prince Ribbit hits you!
You die...

#.####.###
#........#
...####.#.#####
##.........
#.....#####
##...## ##.##
#.# #@# #F#
#[$.# #.....#
#.......#
#........?.
+...........
#............
##.......#...


You could see Prince Ribbit.

Vanquished Creatures
  Edmund (D:5)
  A sky beast (D:4)
  An ogre (D:4)
  A scorpion (D:5)
  A jelly (D:5)
  A centaur skeleton (D:4)
  A gnoll shaman (D:4)
  11 gnolls (D:4)
  3 adders
  A white imp (D:5)
  3 worms
  A dart slug (D:4)
  2 orcs (D:3)
  3 bats
  7 endoplasms
  3 giant cockroaches
  7 goblins
  3 hobgoblins (D:1)
  3 jackals (D:1)
  2 quokkas
  3 ball pythons
  4 frilled lizards
  3 kobolds
  4 rats
70 creatures vanquished.

Notes
Turn   | Place    | Note
-------+----------+-------------------------------------------
     0 | D:1      | Revguard the Ogre Ice Elementalist began the quest for the
                  | Orb.
     0 | D:1      | Reached XP level 1. HP: 16/16 MP: 3/3
   236 | D:1      | Reached XP level 2. HP: 26/26 MP: 2/5
   582 | D:1      | Found a faded altar of an unknown god.
  1051 | D:2      | Reached skill level 1 in Fighting
  1051 | D:2      | Reached XP level 3. HP: 23/33 MP: 1/7
  1059 | D:2      | Learned a level 3 spell: Frozen Ramparts
  1541 | D:2      | Learned a level 3 spell: Ozocubu's Armour
  1817 | D:2      | Reached skill level 1 in Staves
  2060 | D:2      | Reached XP level 4. HP: 41/41 MP: 8/8
  3252 | D:4      | Reached skill level 1 in Fire Magic
  3253 | D:4      | Reached skill level 1 in Armour
  3329 | D:4      | Reached XP level 5. HP: 15/49 MP: 9/9
  3799 | D:4      | Noticed an ogre
  3809 | D:4      | Killed an ogre
  3810 | D:4      | Reached XP level 6. HP: 48/59 MP: 0/11
  3878 | D:4      | Learned a level 4 spell: Hailstorm
  3904 | D:4      | Noticed a sky beast
  3918 | D:4      | Killed a sky beast
  4090 | D:4      | Reached XP level 7. HP: 50/67 MP: 8/12
  4364 | D:5      | Entered Level 5 of the Dungeon
  4562 | D:5      | Reached skill level 1 in Conjurations
  4731 | D:5      | Noticed Edmund
  4733 | D:5      | Noticed Prince Ribbit
  4747 | D:5      | Killed Edmund
  4753 | D:5      | HP: 3/67 [Prince Ribbit (2)]
  4753 | D:5      | Slain by Prince Ribbit

Illustrated notes

Levels and vault maps discovered:
D:1:      dpeg_arrival_simpleton_c, layout_basic, basic_ecumenical_altar,
          st_stairs_10
D:2:      layout_loops_ring
D:3:      layout_basic, chequers_serial_rivers_small_a, chequers_jeans
D:4:      layout_basic
D:5:      black_bear_nest_1, layout_loops_corners, uniq_prince_ribbit1,
          uniq_duvessa, uniq_eustachio, uniq_edmund, uniq_blork_the_orc

Skill      XL: |  1  2  3  4  5  6  7 |
---------------+----------------------+-----
Dodging        | 2 3 |  3.2
Fighting       | 1 2 3 |  3.6
Staves         | 1 2 |  2.4
Spellcasting   | 3 4 |  4.0
Fire Magic     | 1 2 |  2.3
Armour         | 1 2 |  2.0
Ice Magic      | 4 |  4.5
Conjurations   | 1 |  1.2
Stealth        | |  1.4

Action                   |  1- 3 |  4- 6 |  7- 9 || total
-------------------------+-------+-------+-------++-------
Melee: Unarmed           |    17 |       |       ||    17
       Club              |    29 |    61 |       ||    90
       Punch             |     2 |       |       ||     2
       Spear             |       |    15 |       ||    15
       Halberd           |       |     4 |    26 ||    30
 Cast: Freeze            |    41 |    12 |     2 ||    55
       Frozen Ramparts   |     2 |     8 |     2 ||    12
       Ozocubu's Armour  |       |     3 |     1 ||     4
  Use: Scroll            |       |     6 |     3 ||     9
       Potion            |       |     1 |       ||     1
 Stab: Sleeping          |       |     2 |       ||     2
Armor: Robe              |    12 |    47 |     7 ||    66
Dodge: Dodged            |    40 |    72 |    17 ||   129
